 Dungeon Crawl Stone Soup version 0.22-a0-362-g535178c (webtiles) character file.

2085 Amnesiac the Ducker (level 9, -3/69 HPs)
             Began as a Mummy Necromancer on Apr 20, 2018.
             Was a Believer of Kikubaaqudgha.
             Slain by a wight
             ... wielding a cursed +0 falchion
              (8 damage)
             ... on level 6 of the Dungeon.
             The game lasted 00:11:19 (6404 turns).

Amnesiac the Ducker (Mummy Necromancer)             Turns: 6404, Time: 00:11:20

Health: -3/69      AC:  4    Str: 11    XL:     9   Next: 6%
Magic:  15/17      EV: 19    Int: 17    God:    Kikubaaqudgha [**....]
Gold:   283        SH:  0    Dex: 13    Spells: 13/18 levels left

rFire    x . .     SeeInvis .   b - +4 quarterstaff (chaos)
rCold    + . .     Gourm    .   (shield currently unavailable)
rNeg     + + +     Faith    .   f - +0 robe
rPois    ∞         Spirit   .   (no helmet)
rElec    .         Reflect  .   q - +0 cloak {+Inv}
rCorr    .         Harm     .   r - +0 pair of gloves
MR       +....                  (no boots)
Stlth    ++........             (no amulet)
HPRegen  0.21/turn              i - ring of wizardry
MPRegen  0.15/turn              s - +3 ring of evasion

@: no status effects
A: no food or potions, fire vulnerability, cold resistance 1, negative energy
resistance 3, torment resistance, unbreathing
a: Receive Corpses, Renounce Religion, Evoke Invisibility


You were on level 6 of the Dungeon.
You worshipped Kikubaaqudgha.
Kikubaaqudgha was pleased with you.
You were not hungry.

You visited 2 branches of the dungeon, and saw 8 of its levels.
You also visited: Sewer.

You collected 319 gold pieces.
You spent 36 gold pieces at shops.

Inventory:

Hand Weapons
 a - a +0 hunting sling
 b - a +4 quarterstaff of chaos (weapon)
 o - a +0 dagger of draining
Missiles
 c - 142 stones (quivered)
 k - 24 sling bullets
Armour
 f - a +0 robe (worn)
 q - a +0 cloak of invisibility (worn)
 r - a +0 pair of gloves (worn)
Jewellery
 i - a ring of wizardry (left hand)
 s - a +3 ring of evasion (right hand)
Wands
 t - a wand of polymorph (9)
Scrolls
 d - 2 scrolls of blinking {!r, unknown}
 e - 4 scrolls of remove curse {!r, unknown}
 g - 2 scrolls of fog {!r, unknown}
 h - 4 scrolls of amnesia {!r}
 j - 4 scrolls of identify {!r, unknown}
 l - 2 scrolls of magic mapping {!r}
 m - a scroll of enchant armour {!r, unknown}
 n - a scroll of teleportation {!r, unknown}
 p - a scroll of fear {!r, unknown}


   Skills:
 + Level 5.7 Fighting
 * Level 7.2 Dodging
 - Level 1.5 Stealth
 + Level 5.4 Spellcasting
 - Level 6.0 Necromancy


You had 13 spell levels left.
You knew the following spells:

 Your Spells              Type           Power        Failure   Level  Hunger
a - Pain                  Necr           ####         1%          1    N/A
d - Vampiric Draining     Necr           ####......   1%          3    N/A
z - Confusing Touch       Hex            #.....       6%          1    N/A

Dungeon Overview and Level Annotations

Branches:
Dungeon (7/15)             Temple (1/1) D:4

Altars:
Ashenzari
Cheibriados
Dithmenos
Fedhas
Gozag
Hepliaklqana
Kikubaaqudgha
Makhleb
Nemelex Xobeh
Okawaru
Qazlal
Ru
Sif Muna
Trog
Uskayaw
Vehumet
Wu Jian
Xom
Yredelemnul
Zin
The Shining One

Shops:
D:4 *   D:5 %


Innate Abilities, Weirdness & Mutations

You do not eat or drink.
Your flesh is vulnerable to fire.
You are immune to poison.
Your flesh is cold resistant. (rC+)
You are immune to negative energy. (rN+++)
You are immune to unholy pain and torment.
You can survive without breathing.


Message History

The wight hits you but does no damage.
You climb upwards.
There is a stone staircase leading down here.
Your +4 quarterstaff of chaos is briefly surrounded by a scintillating aura of random colours.
b - a +4 quarterstaff of chaos (weapon)
You hit the wight.
The wight appears confused.
The wight is moderately damaged.
You hit the wight.
The wight convulses.
The wight is severely damaged.
You hit the wight but do no damage.
The wight is severely damaged.
You see here a bullfrog corpse.
You sock the wight!
You destroy the wight!
Kikubaaqudgha accepts your kill.
No target in view!
No target in view!
You see here a bullfrog corpse.
There is a stone staircase leading down here.
There is a stone staircase leading down here.
a - a +0 hunting sling (weapon)
You climb downwards.
A wight comes into view. It is wielding a falchion.
There is a stone staircase leading up here.
There are monsters nearby!
There are monsters nearby!
Your +4 quarterstaff of chaos is briefly surrounded by a scintillating aura of random colours.
b - a +4 quarterstaff of chaos (weapon)
Throwing (i - inventory)
c - 143 stones (quivered)
Press: ? - help, Shift-Dir - straight line, f - wight
Aim: a wight, wielding a falchion and wearing a scale mail (hasn't noticed you)
You throw a stone. The stone barely misses the wight.
The wight closely misses you.
You climb upwards.
There is a stone staircase leading down here.
You hit the wight but do no damage.
The wight seems to speed up.
The wight misses you. The wight hits you with a falchion.
You hit the wight.
The wight flickers and vanishes!
Deactivating autopickup; reactivate with Ctrl-A.
Something hits you. x2
No target in view!
No target in view!
You barely miss something. Something barely misses you. Something hits you!
* * * LOW HITPOINT WARNING * * *
You hit something. Something barely misses you.
You closely miss something. Something hits you.
* * * LOW HITPOINT WARNING * * *
Something closely misses you.
You barely miss something. Something hits you.
* * * LOW HITPOINT WARNING * * *
Something closely misses you.
You hit something but do no damage. Something completely misses you.
Something barely misses you.
You barely miss something. Something hits you.
* * * LOW HITPOINT WARNING * * *
Something hits you.
* * * LOW HITPOINT WARNING * * *
You hit something but do no damage. Something hits you!
* * * LOW HITPOINT WARNING * * *
You miss something. Something hits you.
* * * LOW HITPOINT WARNING * * *
Something hits you!
You die...
Kikubaaqudgha rasps: "You have failed me!
Welcome... oblivion!"

..........###....#
#####.#<......####
#####.##...##.#
#.....##...##.#
.......###.##.##
....(...#####..#
........# ###.########
........# #....{.....#
........# #....@†.[..#
..[.....####..........#
...[..................#
...>....####..........#
........# #..........#
........# #..........#
........# #..........#
........# #..........#
.......## #..........#


There were no monsters in sight!

Vanquished Creatures
  Grinder (D:3)
  An orc warrior (D:5)
  A sky beast (D:6)
  4 ice beasts
  An ogre (D:4)
  A centaur (D:6)
  A big kobold (Sewer)
  3 bullfrogs (D:6)
  A scorpion (D:4)
  A wight (D:6)
  2 howler monkeys (D:4)
  A jelly (D:6)
  2 orc priests
  Crazy Yiuf (D:2)
  4 hounds
  4 orc wizards
  3 iguanas
  4 worker ants
  A hound zombie (D:6)
  A hound skeleton (D:5)
  5 adders
  2 howler monkey skeletons
  A shadow imp (D:6)
  2 oozes (D:2)
  4 worms
  4 dart slugs (D:2)
  4 leopard geckos
  13 orcs
  6 giant cockroaches
  8 goblins
  7 hobgoblins
  14 jackals
  A quokka (D:2)
  2 bats
  7 frilled lizards
  6 kobolds
  17 rats
141 creatures vanquished.

Vanquished Creatures (others)
  A goblin (D:2)
  A rat (D:2)
2 creatures vanquished.

Grand Total: 143 creatures vanquished

Notes
Turn   | Place    | Note
-------+----------+-------------------------------------------
     0 | D:1      | Amnesiac the Mummy Necromancer began the quest for the Orb.
     0 | D:1      | Reached XP level 1. HP: 13/13 MP: 4/4
   180 | D:2      | Reached XP level 2. HP: 13/20 MP: 0/5
   436 | D:2      | Reached skill level 2 in Dodging
   674 | D:3      | Found a hazy altar of Hepliaklqana.
   759 | D:3      | Reached skill level 1 in Fighting
   767 | D:3      | Reached XP level 3. HP: 26/26 MP: 4/7
   772 | D:3      | Learned a level 3 spell: Vampiric Draining
   955 | D:2      | Found a stormy altar of Qazlal.
   995 | D:3      | Reached XP level 4. HP: 32/32 MP: 3/8
  1430 | D:4      | Found Tinnuf's Assorted Antiques.
  1438 | D:4      | Bought a scroll labeled SIESUPN XOCWAC for 18 gold pieces
  1438 | D:4      | Bought a scroll labeled OREGEASHIUN for 18 gold pieces
  1477 | D:4      | Reached skill level 3 in Dodging
  1520 | D:4      | Found a staircase to the Ecumenical Temple.
  1524 | D:4      | Noticed an ogre
  1534 | D:4      | Killed an ogre
  1534 | D:4      | Reached XP level 5. HP: 23/39 MP: 0/9
  1888 | D:4      | Reached skill level 5 in Necromancy
  1888 | D:4      | Reached XP level 6. HP: 46/46 MP: 4/10
  1996 | D:5      | Entered Level 5 of the Dungeon
  2018 | Temple   | Entered the Ecumenical Temple
  2041 | Temple   | Became a worshipper of Kikubaaqudgha
  2093 | D:5      | Reached skill level 4 in Dodging
  2168 | D:5      | Noticed an ice beast
  2180 | D:5      | Found Pev Kot's Food Shoppe.
  2183 | D:5      | Learned a level 1 spell: Confusing Touch
  2191 | D:5      | Noticed an ice beast
  2217 | D:5      | Killed an ice beast
  2261 | D:4      | HP: 2/47 [phantom (4)]
  2545 | D:5      | Learned a level 1 spell: Pain
  2554 | D:5      | Found a glowing drain.
  2594 | Sewer    | Entered a sewer
  2734 | Sewer    | Reached XP level 7. HP: 32/52 MP: 2/11
  2777 | Sewer    | Found a glowing silver altar of Zin.
  3038 | D:1      | Reached * piety under Kikubaaqudgha
  3038 | D:1      | Identified Kikubaaqudgha's Volume of Sinister Rites (Kikubaaqudgha gifted it to you on level 1 of the Dungeon)
  3038 | D:1      | Received a gift from Kikubaaqudgha
  4155 | D:2      | Found a runed door.
  4260 | D:2      | Noticed Crazy Yiuf
  4271 | D:2      | Killed Crazy Yiuf
  4577 | D:3      | Reached skill level 5 in Dodging
  4592 | D:3      | Noticed Grinder
  4601 | D:3      | Killed Grinder
  4961 | D:4      | Reached XP level 8. HP: 58/61 MP: 12/12
  5289 | D:5      | Reached ** piety under Kikubaaqudgha
  5289 | D:5      | Reached skill level 6 in Dodging
  5614 | D:6      | Reached skill level 5 in Fighting
  5978 | D:6      | Reached skill level 5 in Spellcasting
  6080 | D:6      | Reached skill level 7 in Dodging
  6245 | D:7      | Reached XP level 9. HP: 59/68 MP: 2/16
  6404 | D:6      | Slain by a wight

Vault maps used:
D:1:      lightli_arrival_windingriver
D:2:      kennysheep_six_static_rooms, minivault_25,
          corexii_item_surrounded_by_moat, grunt_qazlal_clouds,
          uniq_crazy_yiuf_cottage
D:3:      overflow_temple_1_default, uniq_grinder
D:4:      minmay_temple_entry_from_below_b, serial_shops, shop
D:5:      first_ration, portal_sewer_entry_b, serial_shops, shop,
          hangedman_abyss_or_decor_stabs
D:7:      kennysheep_spiral_hall, serial_shops, nicolae_shop_crystal
Temple:   dpeg_three_leaves_temple
Sewer:    sewer_kobolds

Skill      XL: |  1  2  3  4  5  6  7  8 |
---------------+-------------------------+-----
Dodging        | 2 3 4 5 7 |  7.2
Spellcasting   | 3 5 |  5.4
Fighting       | 1 2 3 4 5 |  5.7
Necromancy     | 5 6 |  6.0
Stealth        | |  1.5

Action                   |  1- 3 |  4- 6 |  7- 9 || total
-------------------------+-------+-------+-------++-------
Melee: Unarmed           |     1 |       |       ||     1
       War axe           |       |     5 |       ||     5
       Quarterstaff      |       |       |    20 ||    20
 Fire: Hunting sling     |    15 |    68 |   217 ||   300
Throw: Stone             |       |       |     1 ||     1
 Cast: Pain              |    45 |    89 |   183 ||   317
       Vampiric Draining |       |     4 |     9 ||    13
  Use: Scroll            |       |     4 |       ||     4
 Stab: Paralysed         |       |       |     1 ||     1
Armor: Robe              |       |    17 |    27 ||    44
Dodge: Dodged            |     7 |    85 |   189 ||   281

Table legend:
 A = Spawn XP
 B = Non-spawn XP
 C = Spawn XP percentage of total XP
 D = Spawn monster count
 E = Non-spawn monster count
 F = Spawn count percentage of total count
 G = Total turns spent on level
                    A         B        C        D         E        F      G
               +---------+---------+-------+---------+---------+-------+---------
         Total |       0 |    2979 |   0.0 |       0 |     141 |   0.0 |  6404
               +---------+---------+-------+---------+---------+-------+---------
           D:1 |       0 |      28 |   0.0 |       0 |      17 |   0.0 |   901
           D:2 |       0 |     139 |   0.0 |       0 |      29 |   0.0 |  1067
           D:3 |       0 |     328 |   0.0 |       0 |      16 |   0.0 |  1052
           D:4 |       0 |     543 |   0.0 |       0 |      23 |   0.0 |  1304
           D:5 |       0 |     812 |   0.0 |       0 |      22 |   0.0 |   760
           D:6 |       0 |     872 |   0.0 |       0 |      18 |   0.0 |   778
           D:7 |       0 |     147 |   0.0 |       0 |       6 |   0.0 |    53
         Sewer |       0 |     110 |   0.0 |       0 |      10 |   0.0 |   220
               +---------+---------+-------+---------+---------+-------+---------
